RedWings vs Ducks

Created - December 19, 2016 at 18:00

Goals
1 2 3 T
RedWings 1 1 1 3
Ducks 2 1 1 4
Shots
1 2 3 T
RedWings 5 12 8 25
Ducks 22 9 5 36

1st period

1. RedWings , Filip Forsberg 20 (Tyler Toffoli, Jonathan Drouin) at 4:50
2. Ducks , Blake Comeau 7 (Ryan OReilly) at 7:34
3. Ducks , Ryan OReilly 13 (Erik Johnson, Mark Scheifele) at 10:31 (PP)

Penalties :
Jonathan Drouin (DET) for Slashing (Minor) at 1:31, Zach Trotman (DET) for Hooking (Minor) at 5:19, Andrew Campbell (DET) for Slashing (Minor) at 8:44, Kevin Connauton (DET) for Interference (Minor) at 10:55, Mike Condon (DET) for Slashing (Double Minor) at 12:04 - Erik Haula served the penalty., Jake Gardiner (DET) for Interference (Minor) at 17:05

2nd period

4. Ducks , Antoine Roussel 8 (Andrei Markov, Erik Johnson) at 0:18
5. RedWings , Tyler Toffoli 19 (Filip Forsberg) at 4:26

Penalties :
Antoine Roussel (ANA) for Hooking (Minor) at 9:38, Erik Johnson (ANA) for Hooking (Minor) at 13:11

3rd period

6. Ducks , Wayne Simmonds 19 (Claude Giroux) at 12:15
7. RedWings , Jonathan Drouin 7 (Tyler Toffoli) at 16:48

Penalties :
Antoine Roussel (ANA) for Roughing (Minor) at 6:59, Blake Comeau (ANA) for Cross-checking (Minor) at 8:17, Willie Mitchell (ANA) for Tripping (Minor) at 12:38, Filip Forsberg (DET) for Tripping (Minor) at 18:51

Goalie Stats

Mike Condon (DET), 32 saves from 36 shots - (0.889), L, 12-7-0, 59:30 minutes
Semyon Varlamov (ANA), 22 saves from 25 shots - (0.880), W, 17-10-4, 60:00 minutes

Players Stats for RedWings

Player Name              G  A  P  +/- PIM S  H  SB GA TA FO     MP     PP MP  PK MP  
------------------------------------------------------------------------------------
Alexandre Burrows        0  0  0   0  0   0  1  0  0  0  0/0     9:12   0:00   0:00 
Andrew Campbell          0  0  0  -1  2   0  0  3  0  0  0/0    21:32   4:06   6:14 
Andrew Cogliano          0  0  0  -1  0   1  0  0  0  0  3/6    13:28   4:56   5:09 
David Pastrnak           0  0  0  -1  0   1  1  0  0  0  1/1    17:06   4:18   0:00 
Erik Haula               0  0  0   0  0   2  1  1  0  0  8/18   19:36   3:44   6:24 
Filip Forsberg           1  1  2   2  2   2  3  0  0  0  1/4    21:14   4:56   5:12 
Jake Gardiner            0  0  0   2  2   0  1  2  0  0  0/0    14:52   1:37   1:31 
Jonathan Drouin          1  1  2   2  2   3  1  0  0  0  6/19   15:19   4:00   0:13 
Kevin Connauton          0  0  0  -1  2   0  1  1  0  0  0/0    14:08   0:18   0:00 
Loui Eriksson            0  0  0  -1  0   3  0  1  0  0  0/1    15:06   0:18   1:44 
Micheal Ferland          0  0  0  -1  0   1  1  0  0  0  0/0     3:23   0:00   0:00 
Mikhail Grabovski        0  0  0   0  0   0  1  0  0  0  4/9    10:04   0:52   0:00 
Paul Martin              0  0  0  -1  0   2  0  4  0  0  0/0    25:11   4:16   7:35 
Sean Monahan             0  0  0  -1  0   1  0  0  0  0  5/17   13:04   0:00   0:00 
Thomas Hickey            0  0  0  -1  0   3  0  4  0  0  0/0    23:04   3:22   6:43 
Tyler Toffoli            1  2  3   2  0   2  1  0  0  0  0/0    18:51   0:00   7:44 
Vincent Lecavalier       0  0  0  -1  0   2  0  0  0  0  4/10    9:03   4:56   0:44 
Zach Trotman             0  0  0   2  2   2  4  0  0  0  0/0    20:51   4:31   5:57 

Players Stats for Ducks

Player Name              G  A  P  +/- PIM S  H  SB GA TA FO     MP     PP MP  PK MP  
------------------------------------------------------------------------------------
Aaron Ekblad             0  0  0  -1  0   1  0  1  0  0  0/0    21:06   7:08   0:48 
Andrei Markov            0  1  1   0  0   0  0  0  0  0  0/0    23:56   6:52   4:35 
Antoine Roussel          1  0  1   1  4   1  1  1  0  0  0/2    14:04   0:00   3:20 
Blake Comeau             1  0  1   0  2   2  1  0  0  0  1/1    14:29   0:00   3:09 
Boone Jenner             0  0  0   0  0   4  1  0  0  0  0/0    17:37   6:31   0:08 
Brandon Dubinsky         0  0  0  -1  0   0  1  0  0  0  4/7    15:41   0:00   5:21 
Claude Giroux            0  1  1   1  0   3  0  0  0  0  12/24  17:35   7:29   0:00 
Colton Parayko           0  0  0   1  0   1  0  1  0  0  0/0    19:45   7:08   1:30 
Eric Nystrom             0  0  0  -1  0   0  1  0  0  0  1/1    14:39   0:00   4:19 
Erik Johnson             0  2  2   0  2   2  2  0  0  0  0/0    22:50   6:52   3:30 
Mark Scheifele           0  1  1  -1  0   2  0  1  0  0  17/25  16:29   6:31   0:00 
Mikhail Grigorenko       0  0  0   0  0   3  0  0  0  0  4/4    12:11   7:29   0:00 
Nick Ritchie             0  0  0   0  0   1  0  0  0  0  0/0     5:22   0:00   0:00 
Ryan OReilly             1  1  2   0  0   7  0  0  0  0  13/20  18:58   6:31   1:29 
Travis Hamonic           0  0  0  -1  0   1  0  1  0  0  0/0    17:49   0:00   4:39 
Tyler Randell            0  0  0   0  0   1  0  0  0  0  0/0     5:22   0:00   0:00 
Wayne Simmonds           1  0  1   1  0   6  3  0  0  0  1/1    17:35   7:29   0:00 
Willie Mitchell          0  0  0   1  2   1  0  1  0  0  0/0    14:32   0:00   3:26 

3 Stars

1 - Tyler Toffoli (DET)
2 - Filip Forsberg (DET)
3 - Jonathan Drouin (DET)

Power Play

RedWings - 0 on 5 Attempt(s) - 0.00%
Ducks - 1 on 7 Attempt(s) - 14.29%

Penalty Kill

RedWings - 6 on 7 Attempt(s) - 85.71% - Score 0 goal in Penalty Kill
Ducks - 5 on 5 Attempt(s) - 100.00% - Score 0 goal in Penalty Kill

Team Stat

RedWings - Hits : 16 - Faceoff Wins : 32 - Blocked Shots : 16 - Penalty Minutes : 16
Ducks - Hits : 10 - Faceoff Wins : 53 - Blocked Shots : 6 - Penalty Minutes : 10

Official

Referees : Greg Kimmerly and Tim Peel
Linesman : Jonny Murray and Darren Gibbs

Game Notes

No Game Note

Finance

Level 1 -- Attendance: 6239 (95.98%) -- Ticket Income $686,290
Level 2 -- Attendance: 4817 (96.34%) -- Ticket Income $361,275
Level 3 -- Attendance: 2600 (100.00%) -- Ticket Income $145,600
Level 4 -- Attendance: 2074 (100.00%) -- Ticket Income $82,960
Luxury Box -- Attendance: 982 (98.20%) -- Ticket Income $195,418
Game was played at the Honda Center.
Total Attendance: 16712 (97.31%)
Total Ticket Income: $1,471,543
Other Income: $220,731
Total Income: $1,692,274

% Time on Ice - RedWings

Lines # - Real PCT - Wanted PCT - Time Play
Normal Forward
1 - 36% - 35% - 13:04
2 - 30% - 35% - 11:07
3 - 25% - 20% - 9:12
4 - 9% - 10% - 3:23
Normal Defense
1 - 35% - 40% - 12:52
2 - 35% - 30% - 12:49
3 - 29% - 20% - 10:37
4 - 1% - 10% - 0:28
PP Forward
1 - 53% - 60% - 4:56
2 - 47% - 40% - 4:18
PP Defense
1 - 60% - 60% - 5:34
2 - 40% - 40% - 3:40
PK Forward
1 - 65% - 60% - 8:37
2 - 35% - 40% - 4:33
PK Defense
1 - 49% - 60% - 6:28
2 - 51% - 40% - 6:42
PK3 Forward
1 - 72% - 60% - 0:36
2 - 28% - 40% - 0:14
PK3 Defense
1 - 48% - 60% - 0:24
2 - 52% - 40% - 0:26
44 Forward
1 - 0% - 60%
2 - 0% - 40%
44 Defense
1 - 0% - 60%
2 - 0% - 40%
Last Minute Offensive  - 0:00
Last Minute Defensive  - 0:00
Total
Forward - 60:00
Defense - 60:00

% Time on Ice - Ducks

Lines # - Real PCT - Wanted PCT - Time Play
Normal Forward
1 - 27% - 30% - 10:06
2 - 30% - 30% - 10:58
3 - 28% - 30% - 10:20
4 - 15% - 10% - 5:22
Normal Defense
1 - 34% - 35% - 12:29
2 - 36% - 35% - 13:10
3 - 30% - 30% - 11:07
4 - 0% - 0% - 0:00
PP Forward
1 - 53% - 55% - 7:29
2 - 47% - 45% - 6:31
PP Defense
1 - 51% - 57% - 7:08
2 - 49% - 43% - 6:52
PK Forward
1 - 77% - 57% - 6:37
2 - 23% - 43% - 1:56
PK Defense
1 - 54% - 57% - 4:35
2 - 46% - 43% - 3:58
PK3 Forward
1 - 41% - 60% - 0:17
2 - 59% - 40% - 0:24
PK3 Defense
1 - 10% - 57% - 0:04
2 - 90% - 43% - 0:37
44 Forward
1 - 0% - 50%
2 - 0% - 50%
44 Defense
1 - 0% - 50%
2 - 0% - 50%
Last Minute Offensive  - 0:00
Last Minute Defensive  - 0:00
Total
Forward - 60:00
Defense - 60:00

Play by Play

1st period


0:01 of 1st period - Claude Giroux wins face-off versus Sean Monahan in neutral zone.
0:29 of 1st period - Shot by Sean Monahan.
0:29 of 1st period - Shot Misses the Net.
0:35 of 1st period - Shot by Sean Monahan.
0:35 of 1st period - Stopped by Semyon Varlamov without a rebound.
0:36 of 1st period - Ryan OReilly wins face-off versus Jonathan Drouin in Ducks zone.
0:43 of 1st period - Shot by Travis Hamonic.
0:43 of 1st period - Stopped by Mike Condon without a rebound.
0:44 of 1st period - Mark Scheifele wins face-off versus Mikhail Grabovski in RedWings zone.
1:11 of 1st period - Shot by Brandon Dubinsky.
1:11 of 1st period - Shot Misses the Net.
1:13 of 1st period - Shot by Brandon Dubinsky.
1:13 of 1st period - Deflect By Mark Scheifele.
1:13 of 1st period - Shot Misses the Net.
1:16 of 1st period - Brandon Dubinsky is hit by Jake Gardiner.
1:31 of 1st period - Minor Penalty to Jonathan Drouin for Slashing.
1:32 of 1st period - Claude Giroux wins face-off versus Erik Haula in RedWings zone.
2:08 of 1st period - Shot by Claude Giroux.
2:08 of 1st period - Shot Misses the Net.
2:56 of 1st period - Shot by Ryan OReilly.
2:56 of 1st period - Shot Misses the Net.
2:58 of 1st period - Shot by Boone Jenner.
2:58 of 1st period - Stopped by Mike Condon without a rebound.
2:59 of 1st period - Erik Haula wins face-off versus Mark Scheifele in RedWings zone.
3:05 of 1st period - Icing by Colton Parayko.
3:06 of 1st period - Mark Scheifele wins face-off versus Erik Haula in Ducks zone.
3:45 of 1st period - Shot by Mikhail Grigorenko.
3:45 of 1st period - Shot Misses the Net.
4:40 of 1st period - Shot by Micheal Ferland.
4:40 of 1st period - Stopped by Semyon Varlamov without a rebound.
4:41 of 1st period - Jonathan Drouin wins face-off versus Ryan OReilly in Ducks zone.
4:50 of 1st period - Shot by Filip Forsberg.
4:50 of 1st period - Goal by Filip Forsberg - RedWings : 1 - Ducks : 0.
4:51 of 1st period - Ryan OReilly wins face-off versus Jonathan Drouin in neutral zone.
5:17 of 1st period - Shot by Ryan OReilly.
5:17 of 1st period - Stopped by Mike Condon without a rebound.
5:18 of 1st period - Mark Scheifele wins face-off versus Sean Monahan in RedWings zone.
5:18 of 1st period - Mark Scheifele is hit by Zach Trotman.
5:19 of 1st period - Minor Penalty to Zach Trotman for Hooking.
5:20 of 1st period - Erik Haula wins face-off versus Claude Giroux in RedWings zone.
5:35 of 1st period - Shot by Wayne Simmonds.
5:35 of 1st period - Stopped by Mike Condon without a rebound.
5:36 of 1st period - Mark Scheifele wins face-off versus Erik Haula in RedWings zone.
6:52 of 1st period - Shot by Wayne Simmonds.
6:52 of 1st period - Deflect By Mikhail Grigorenko.
6:52 of 1st period - Stopped by Mike Condon without a rebound.
6:53 of 1st period - Erik Haula wins face-off versus Claude Giroux in RedWings zone.
7:30 of 1st period - Shot by Mark Scheifele.
7:30 of 1st period - Stopped by Mike Condon without a rebound.
7:31 of 1st period - Ryan OReilly wins face-off versus Sean Monahan in RedWings zone.
7:34 of 1st period - Shot by Blake Comeau.
7:34 of 1st period - Goal by Blake Comeau - RedWings : 1 - Ducks : 1.
7:35 of 1st period - Sean Monahan wins face-off versus Ryan OReilly in neutral zone.
7:37 of 1st period - Loui Eriksson is hit by Boone Jenner and loses puck.
7:48 of 1st period - Shot by Ryan OReilly.
7:48 of 1st period - Shot Blocked by Jake Gardiner.
7:56 of 1st period - Shot by Ryan OReilly.
7:56 of 1st period - Stopped by Mike Condon without a rebound.
7:57 of 1st period - Jonathan Drouin wins face-off versus Antoine Roussel in RedWings zone.
8:24 of 1st period - Icing by Travis Hamonic.
8:25 of 1st period - Sean Monahan wins face-off versus Claude Giroux in Ducks zone.
8:42 of 1st period - Icing by Loui Eriksson.
8:43 of 1st period - Mark Scheifele wins face-off versus Sean Monahan in RedWings zone.
8:43 of 1st period - Eric Nystrom is hit by Kevin Connauton and loses puck.
8:44 of 1st period - Minor Penalty to Andrew Campbell for Slashing.
8:45 of 1st period - Mark Scheifele wins face-off versus Erik Haula in RedWings zone.
8:48 of 1st period - Shot by Ryan OReilly.
8:48 of 1st period - Shot Misses the Net.
8:50 of 1st period - Shot by Boone Jenner.
8:50 of 1st period - Shot Blocked by Erik Haula.
8:52 of 1st period - Shot by Erik Johnson.
8:52 of 1st period - Shot Blocked by Paul Martin.
8:58 of 1st period - Shot by Ryan OReilly.
8:58 of 1st period - Deflect By Boone Jenner.
8:58 of 1st period - Stopped by Mike Condon without a rebound.
8:59 of 1st period - Erik Haula wins face-off versus Claude Giroux in RedWings zone.
10:31 of 1st period - Shot by Ryan OReilly.
10:31 of 1st period - Goal by Ryan OReilly - RedWings : 1 - Ducks : 2.
10:32 of 1st period - Sean Monahan wins face-off versus Mark Scheifele in neutral zone.
10:35 of 1st period - Shot by Sean Monahan.
10:35 of 1st period - Shot Misses the Net.
10:37 of 1st period - Shot by Loui Eriksson.
10:37 of 1st period - Stopped by Semyon Varlamov without a rebound.
10:38 of 1st period - Ryan OReilly wins face-off versus Sean Monahan in Ducks zone.
10:40 of 1st period - Icing by Andrei Markov.
10:41 of 1st period - Sean Monahan wins face-off versus Ryan OReilly in Ducks zone.
10:50 of 1st period - Shot by Boone Jenner.
10:50 of 1st period - Deflect By Ryan OReilly.
10:50 of 1st period - Stopped by Mike Condon without a rebound.
10:51 of 1st period - Mark Scheifele wins face-off versus Vincent Lecavalier in RedWings zone.
10:55 of 1st period - Minor Penalty to Kevin Connauton for Interference.
10:56 of 1st period - Erik Haula wins face-off versus Claude Giroux in RedWings zone.
10:56 of 1st period - Erik Haula is hit by Wayne Simmonds.
11:26 of 1st period - Shot by Claude Giroux.
11:26 of 1st period - Shot Misses the Net.
11:28 of 1st period - Shot by Aaron Ekblad.
11:28 of 1st period - Shot Blocked by Paul Martin.
11:30 of 1st period - Shot by Mikhail Grigorenko.
11:30 of 1st period - Stopped by Mike Condon with a rebound.
11:32 of 1st period - Shot by Aaron Ekblad.
11:32 of 1st period - Shot Blocked by Thomas Hickey.
11:34 of 1st period - Shot by Wayne Simmonds.
11:34 of 1st period - Shot Misses the Net.
11:36 of 1st period - Shot by Aaron Ekblad.
11:36 of 1st period - Shot Misses the Net.
11:38 of 1st period - Shot by Colton Parayko.
11:38 of 1st period - Shot Blocked by Thomas Hickey.
11:40 of 1st period - Shot by Mikhail Grigorenko.
11:40 of 1st period - Stopped by Mike Condon with a rebound.
12:04 of 1st period - Shot by Erik Johnson.
12:04 of 1st period - Stopped by Mike Condon without a rebound.
12:04 of 1st period - Double Minor Penalty to Mike Condon for Slashing.
12:05 of 1st period - Andrew Cogliano wins face-off versus Mark Scheifele in RedWings zone.
13:24 of 1st period - Shot by Wayne Simmonds.
13:24 of 1st period - Shot Blocked by Thomas Hickey.
13:26 of 1st period - Shot by Aaron Ekblad.
13:26 of 1st period - Shot Misses the Net.
13:38 of 1st period - Shot by Claude Giroux.
13:38 of 1st period - Stopped by Mike Condon without a rebound.
13:39 of 1st period - Claude Giroux wins face-off versus Andrew Cogliano in RedWings zone.
13:40 of 1st period - Shot by Wayne Simmonds.
13:40 of 1st period - Deflect By Claude Giroux.
13:40 of 1st period - Stopped by Mike Condon without a rebound.
13:41 of 1st period - Filip Forsberg wins face-off versus Claude Giroux in RedWings zone.
13:41 of 1st period - Filip Forsberg is hit by Wayne Simmonds.
14:08 of 1st period - Shot by Colton Parayko.
14:08 of 1st period - Stopped by Mike Condon without a rebound.
14:09 of 1st period - Mark Scheifele wins face-off versus Filip Forsberg in RedWings zone.
14:52 of 1st period - Shot by Mark Scheifele.
14:52 of 1st period - Shot Blocked by Andrew Campbell.
16:58 of 1st period - Shot by Blake Comeau.
16:58 of 1st period - Shot Misses the Net.
17:05 of 1st period - Minor Penalty to Jake Gardiner for Interference.
17:06 of 1st period - Claude Giroux wins face-off versus Filip Forsberg in RedWings zone.
17:14 of 1st period - Icing by Erik Johnson.
17:15 of 1st period - Claude Giroux wins face-off versus Erik Haula in Ducks zone.
17:31 of 1st period - Icing by Erik Johnson.
17:32 of 1st period - Andrew Cogliano wins face-off versus Claude Giroux in Ducks zone.
17:35 of 1st period - Shot by Filip Forsberg.
17:35 of 1st period - Shot Misses the Net.
17:37 of 1st period - Shot by Filip Forsberg.
17:37 of 1st period - Deflect By Andrew Cogliano.
17:37 of 1st period - Stopped by Semyon Varlamov without a rebound.
17:38 of 1st period - Mark Scheifele wins face-off versus Andrew Cogliano in Ducks zone.
17:46 of 1st period - Icing by Mark Scheifele.
17:47 of 1st period - Mark Scheifele wins face-off versus Erik Haula in Ducks zone.
17:47 of 1st period - Mark Scheifele is hit by Tyler Toffoli.
17:50 of 1st period - Icing by Ryan OReilly.
17:51 of 1st period - Ryan OReilly wins face-off versus Erik Haula in Ducks zone.
18:06 of 1st period - Shot by Aaron Ekblad.
18:06 of 1st period - Stopped by Mike Condon without a rebound.
18:07 of 1st period - Claude Giroux wins face-off versus Erik Haula in RedWings zone.
18:08 of 1st period - Shot by Erik Johnson.
18:08 of 1st period - Stopped by Mike Condon without a rebound.
18:09 of 1st period - Claude Giroux wins face-off versus Erik Haula in RedWings zone.
18:14 of 1st period - Shot by Claude Giroux.
18:14 of 1st period - Stopped by Mike Condon without a rebound.
18:15 of 1st period - Erik Haula wins face-off versus Claude Giroux in RedWings zone.
18:31 of 1st period - Icing by Claude Giroux.
18:32 of 1st period - Andrew Cogliano wins face-off versus Claude Giroux in Ducks zone.
19:05 of 1st period - Shot by Wayne Simmonds.
19:05 of 1st period - Stopped by Mike Condon without a rebound.
19:06 of 1st period - Ryan OReilly wins face-off versus Sean Monahan in RedWings zone.
19:23 of 1st period - Shot by Blake Comeau.
19:23 of 1st period - Stopped by Mike Condon without a rebound.
19:24 of 1st period - Jonathan Drouin wins face-off versus Mark Scheifele in RedWings zone.
19:24 of 1st period - Jonathan Drouin is hit by Eric Nystrom.
19:53 of 1st period - Icing by Travis Hamonic.
19:54 of 1st period - Mark Scheifele wins face-off versus Sean Monahan in Ducks zone.
Goals for this period are 1 for RedWings vs 2 for Ducks.
Shots for this period are 5 for RedWings vs 22 for Ducks.

2nd period


0:01 of 2nd period - Jonathan Drouin wins face-off versus Claude Giroux in neutral zone.
0:18 of 2nd period - Shot by Antoine Roussel.
0:18 of 2nd period - Goal by Antoine Roussel - RedWings : 1 - Ducks : 3.
0:19 of 2nd period - Sean Monahan wins face-off versus Ryan OReilly in neutral zone.
0:30 of 2nd period - Shot by Ryan OReilly.
0:30 of 2nd period - Shot Misses the Net.
0:32 of 2nd period - Shot by Ryan OReilly.
0:32 of 2nd period - Shot Misses the Net.
1:21 of 2nd period - Shot by Wayne Simmonds.
1:21 of 2nd period - Shot Hit the Post.
1:41 of 2nd period - Shot by Claude Giroux.
1:41 of 2nd period - Shot Blocked by Andrew Campbell.
1:49 of 2nd period - Shot by Antoine Roussel.
1:49 of 2nd period - Shot Blocked by Andrew Campbell.
2:17 of 2nd period - Shot by Brandon Dubinsky.
2:17 of 2nd period - Deflect By Mark Scheifele.
2:17 of 2nd period - Stopped by Mike Condon without a rebound.
2:18 of 2nd period - Mikhail Grigorenko wins face-off versus Jonathan Drouin in RedWings zone.
2:43 of 2nd period - Shot by Tyler Randell.
2:43 of 2nd period - Stopped by Mike Condon without a rebound.
2:44 of 2nd period - Mark Scheifele wins face-off versus Mikhail Grabovski in RedWings zone.
2:48 of 2nd period - Brandon Dubinsky is hit by Zach Trotman and loses puck.
2:52 of 2nd period - Icing by Erik Haula.
2:53 of 2nd period - Mikhail Grabovski wins face-off versus Ryan OReilly in RedWings zone.
3:15 of 2nd period - Icing by Boone Jenner.
3:16 of 2nd period - Ryan OReilly wins face-off versus Jonathan Drouin in Ducks zone.
3:27 of 2nd period - Shot by Ryan OReilly.
3:27 of 2nd period - Stopped by Mike Condon without a rebound.
3:28 of 2nd period - Mikhail Grabovski wins face-off versus Mark Scheifele in RedWings zone.
3:35 of 2nd period - Travis Hamonic is hit by Mikhail Grabovski and loses puck.
3:46 of 2nd period - Shot by Erik Haula.
3:46 of 2nd period - Shot Misses the Net.
3:58 of 2nd period - Shot by Mikhail Grabovski.
3:58 of 2nd period - Shot Blocked by Aaron Ekblad.
4:00 of 2nd period - Shot by Alexandre Burrows.
4:00 of 2nd period - Deflect By Erik Haula.
4:00 of 2nd period - Shot Misses the Net.
4:02 of 2nd period - Shot by Erik Haula.
4:02 of 2nd period - Stopped by Semyon Varlamov without a rebound.
4:03 of 2nd period - Claude Giroux wins face-off versus Jonathan Drouin in Ducks zone.
4:03 of 2nd period - Claude Giroux is hit by Filip Forsberg.
4:26 of 2nd period - Shot by Tyler Toffoli.
4:26 of 2nd period - Goal by Tyler Toffoli - RedWings : 2 - Ducks : 3.
4:27 of 2nd period - David Pastrnak wins face-off versus Ryan OReilly in neutral zone.
4:36 of 2nd period - Shot by Loui Eriksson.
4:36 of 2nd period - Shot Blocked by Colton Parayko.
5:04 of 2nd period - Shot by Ryan OReilly.
5:04 of 2nd period - Stopped by Mike Condon with a rebound.
5:28 of 2nd period - Shot by Filip Forsberg.
5:28 of 2nd period - Stopped by Semyon Varlamov without a rebound.
5:29 of 2nd period - Claude Giroux wins face-off versus Mikhail Grabovski in Ducks zone.
5:29 of 2nd period - Claude Giroux is hit by Alexandre Burrows.
5:54 of 2nd period - Shot by Wayne Simmonds.
5:54 of 2nd period - Stopped by Mike Condon without a rebound.
5:55 of 2nd period - Mark Scheifele wins face-off versus Jonathan Drouin in RedWings zone.
6:28 of 2nd period - Shot by Filip Forsberg.
6:28 of 2nd period - Shot Blocked by Mark Scheifele.
6:51 of 2nd period - Icing by Andrew Campbell.
6:52 of 2nd period - Claude Giroux wins face-off versus Jonathan Drouin in RedWings zone.
6:55 of 2nd period - Shot by Antoine Roussel.
6:55 of 2nd period - Shot Misses the Net.
6:58 of 2nd period - Icing by Andrew Campbell.
6:59 of 2nd period - Jonathan Drouin wins face-off versus Claude Giroux in RedWings zone.
7:03 of 2nd period - Filip Forsberg is hit by Antoine Roussel and loses puck.
8:10 of 2nd period - Icing by Thomas Hickey.
8:11 of 2nd period - Mark Scheifele wins face-off versus Sean Monahan in RedWings zone.
8:36 of 2nd period - Icing by Paul Martin.
8:37 of 2nd period - Ryan OReilly wins face-off versus Loui Eriksson in RedWings zone.
8:50 of 2nd period - Shot by Boone Jenner.
8:50 of 2nd period - Stopped by Mike Condon without a rebound.
8:51 of 2nd period - Mikhail Grabovski wins face-off versus Antoine Roussel in RedWings zone.
8:51 of 2nd period - Mikhail Grabovski is hit by Wayne Simmonds.
9:19 of 2nd period - Shot by Jake Gardiner.
9:19 of 2nd period - Shot Misses the Net.
9:21 of 2nd period - Shot by Zach Trotman.
9:21 of 2nd period - Stopped by Semyon Varlamov with a rebound.
9:38 of 2nd period - Minor Penalty to Antoine Roussel for Hooking.
9:39 of 2nd period - Vincent Lecavalier wins face-off versus Brandon Dubinsky in Ducks zone.
11:13 of 2nd period - Shot by Boone Jenner.
11:13 of 2nd period - Stopped by Mike Condon without a rebound.
11:14 of 2nd period - Brandon Dubinsky wins face-off versus Vincent Lecavalier in RedWings zone.
11:43 of 2nd period - Shot by Sean Monahan.
11:43 of 2nd period - Shot Misses the Net.
11:57 of 2nd period - Shot by Claude Giroux.
11:57 of 2nd period - Deflect By Wayne Simmonds.
11:57 of 2nd period - Shot Blocked by Kevin Connauton.
12:05 of 2nd period - Shot by Wayne Simmonds.
12:05 of 2nd period - Shot Misses the Net.
12:07 of 2nd period - Shot by Wayne Simmonds.
12:07 of 2nd period - Shot Misses the Net.
12:09 of 2nd period - Shot by Antoine Roussel.
12:09 of 2nd period - Shot Blocked by Jake Gardiner.
12:39 of 2nd period - Shot by Tyler Randell.
12:39 of 2nd period - Shot Misses the Net.
12:41 of 2nd period - Shot by Nick Ritchie.
12:41 of 2nd period - Shot Hit the Post.
12:47 of 2nd period - Shot by Mikhail Grigorenko.
12:47 of 2nd period - Shot Misses the Net.
12:49 of 2nd period - Shot by Nick Ritchie.
12:49 of 2nd period - Shot Misses the Net.
12:51 of 2nd period - Shot by Willie Mitchell.
12:51 of 2nd period - Stopped by Mike Condon without a rebound.
12:52 of 2nd period - Vincent Lecavalier wins face-off versus Mark Scheifele in RedWings zone.
12:52 of 2nd period - Vincent Lecavalier is hit by Brandon Dubinsky.
13:08 of 2nd period - Andrew Cogliano is hit by Erik Johnson.
13:11 of 2nd period - Minor Penalty to Erik Johnson for Hooking.
13:12 of 2nd period - Brandon Dubinsky wins face-off versus Vincent Lecavalier in Ducks zone.
13:39 of 2nd period - Shot by Filip Forsberg.
13:39 of 2nd period - Shot Misses the Net.
14:14 of 2nd period - Shot by Jonathan Drouin.
14:14 of 2nd period - Stopped by Semyon Varlamov with a rebound.
14:16 of 2nd period - Shot by Paul Martin.
14:16 of 2nd period - Stopped by Semyon Varlamov with a rebound.
14:50 of 2nd period - Shot by Filip Forsberg.
14:50 of 2nd period - Shot Misses the Net.
14:52 of 2nd period - Shot by Vincent Lecavalier.
14:52 of 2nd period - Stopped by Semyon Varlamov without a rebound.
14:53 of 2nd period - Eric Nystrom wins face-off versus Filip Forsberg in Ducks zone.
14:53 of 2nd period - Eric Nystrom is hit by Filip Forsberg.
15:20 of 2nd period - Icing by Nick Ritchie.
15:21 of 2nd period - Mikhail Grigorenko wins face-off versus Jonathan Drouin in Ducks zone.
15:21 of 2nd period - Mikhail Grigorenko is hit by Filip Forsberg.
15:50 of 2nd period - Shot by Jonathan Drouin.
15:50 of 2nd period - Stopped by Semyon Varlamov with a rebound.
16:08 of 2nd period - Mikhail Grigorenko is hit by Zach Trotman and loses puck.
16:23 of 2nd period - Shot by Erik Haula.
16:23 of 2nd period - Stopped by Semyon Varlamov with a rebound.
16:25 of 2nd period - Shot by Erik Haula.
16:25 of 2nd period - Shot Misses the Net.
17:25 of 2nd period - Shot by Loui Eriksson.
17:25 of 2nd period - Shot Misses the Net.
17:27 of 2nd period - Shot by Thomas Hickey.
17:27 of 2nd period - Stopped by Semyon Varlamov without a rebound.
17:28 of 2nd period - Claude Giroux wins face-off versus Jonathan Drouin in Ducks zone.
17:36 of 2nd period - Off-side.
17:37 of 2nd period - Mark Scheifele wins face-off versus Jonathan Drouin in neutral zone.
18:54 of 2nd period - Shot by David Pastrnak.
18:54 of 2nd period - Shot Misses the Net.
18:56 of 2nd period - Shot by Loui Eriksson.
18:56 of 2nd period - Stopped by Semyon Varlamov with a rebound.
19:00 of 2nd period - Shot by Loui Eriksson.
19:00 of 2nd period - Stopped by Semyon Varlamov without a rebound.
19:01 of 2nd period - Ryan OReilly wins face-off versus Vincent Lecavalier in Ducks zone.
19:41 of 2nd period - Aaron Ekblad is hit by Micheal Ferland and loses puck.
Goals for this period are 1 for RedWings vs 1 for Ducks.
Shots for this period are 12 for RedWings vs 9 for Ducks.

3rd period


0:01 of 3rd period - Jonathan Drouin wins face-off versus Claude Giroux in neutral zone.
0:42 of 3rd period - Shot by Wayne Simmonds.
0:42 of 3rd period - Shot Blocked by Paul Martin.
0:44 of 3rd period - Shot by Willie Mitchell.
0:44 of 3rd period - Shot Misses the Net.
1:16 of 3rd period - Mark Scheifele is hit by David Pastrnak and loses puck.
1:31 of 3rd period - Shot by David Pastrnak.
1:31 of 3rd period - Stopped by Semyon Varlamov without a rebound.
1:32 of 3rd period - Ryan OReilly wins face-off versus Mikhail Grabovski in Ducks zone.
3:06 of 3rd period - Icing by Erik Haula.
3:07 of 3rd period - Mark Scheifele wins face-off versus Mikhail Grabovski in RedWings zone.
4:25 of 3rd period - Shot by Boone Jenner.
4:25 of 3rd period - Shot Blocked by Thomas Hickey.
4:52 of 3rd period - Filip Forsberg is hit by Blake Comeau.
5:12 of 3rd period - Shot by Wayne Simmonds.
5:12 of 3rd period - Stopped by Mike Condon without a rebound.
5:13 of 3rd period - Mikhail Grigorenko wins face-off versus Sean Monahan in RedWings zone.
5:20 of 3rd period - Shot by Mikhail Grigorenko.
5:20 of 3rd period - Shot Blocked by Loui Eriksson.
5:43 of 3rd period - Shot by Loui Eriksson.
5:43 of 3rd period - Shot Misses the Net.
6:13 of 3rd period - Shot by Antoine Roussel.
6:13 of 3rd period - Deflect By Wayne Simmonds.
6:13 of 3rd period - Shot Blocked by Paul Martin.
6:36 of 3rd period - Icing by Travis Hamonic.
6:37 of 3rd period - Claude Giroux wins face-off versus Jonathan Drouin in Ducks zone.
6:59 of 3rd period - Minor Penalty to Antoine Roussel for Roughing.
7:00 of 3rd period - Vincent Lecavalier wins face-off versus Brandon Dubinsky in Ducks zone.
7:00 of 3rd period - Vincent Lecavalier is hit by Erik Johnson.
7:06 of 3rd period - Shot by Andrew Cogliano.
7:06 of 3rd period - Shot Misses the Net.
7:16 of 3rd period - Shot by Vincent Lecavalier.
7:16 of 3rd period - Stopped by Semyon Varlamov with a rebound.
8:17 of 3rd period - Minor Penalty to Blake Comeau for Cross-checking.
8:18 of 3rd period - Brandon Dubinsky wins face-off versus Vincent Lecavalier in Ducks zone.
9:14 of 3rd period - Shot by David Pastrnak.
9:14 of 3rd period - Shot Misses the Net.
9:16 of 3rd period - Shot by Jake Gardiner.
9:16 of 3rd period - Shot Blocked by Willie Mitchell.
9:54 of 3rd period - Shot by Filip Forsberg.
9:54 of 3rd period - Shot Misses the Net.
10:16 of 3rd period - Shot by Loui Eriksson.
10:16 of 3rd period - Shot Misses the Net.
10:18 of 3rd period - Shot by Erik Haula.
10:18 of 3rd period - Shot Misses the Net.
10:30 of 3rd period - Shot by Sean Monahan.
10:30 of 3rd period - Shot Misses the Net.
10:32 of 3rd period - Shot by Paul Martin.
10:32 of 3rd period - Stopped by Semyon Varlamov without a rebound.
10:33 of 3rd period - Mikhail Grabovski wins face-off versus Ryan OReilly in Ducks zone.
10:36 of 3rd period - Shot by Alexandre Burrows.
10:36 of 3rd period - Shot Misses the Net.
10:39 of 3rd period - Icing by Travis Hamonic.
10:40 of 3rd period - Ryan OReilly wins face-off versus Sean Monahan in Ducks zone.
11:16 of 3rd period - Shot by Ryan OReilly.
11:16 of 3rd period - Stopped by Mike Condon without a rebound.
11:17 of 3rd period - Vincent Lecavalier wins face-off versus Mark Scheifele in RedWings zone.
12:15 of 3rd period - Shot by Wayne Simmonds.
12:15 of 3rd period - Goal by Wayne Simmonds - RedWings : 2 - Ducks : 4.
12:16 of 3rd period - Ryan OReilly wins face-off versus Jonathan Drouin in neutral zone.
12:38 of 3rd period - Shot by Tyler Toffoli.
12:38 of 3rd period - Stopped by Semyon Varlamov without a rebound.
12:38 of 3rd period - Minor Penalty to Willie Mitchell for Tripping.
12:39 of 3rd period - Erik Haula wins face-off versus Brandon Dubinsky in Ducks zone.
13:38 of 3rd period - Shot by Andrew Cogliano.
13:38 of 3rd period - Shot Blocked by Travis Hamonic.
13:40 of 3rd period - Shot by Andrew Campbell.
13:40 of 3rd period - Shot Misses the Net.
13:42 of 3rd period - Shot by Filip Forsberg.
13:42 of 3rd period - Shot Misses the Net.
13:44 of 3rd period - Shot by Thomas Hickey.
13:44 of 3rd period - Stopped by Semyon Varlamov without a rebound.
13:45 of 3rd period - Brandon Dubinsky wins face-off versus Vincent Lecavalier in Ducks zone.
14:08 of 3rd period - Shot by Filip Forsberg.
14:08 of 3rd period - Shot Blocked by Antoine Roussel.
14:10 of 3rd period - Shot by Zach Trotman.
14:10 of 3rd period - Stopped by Semyon Varlamov without a rebound.
14:11 of 3rd period - Blake Comeau wins face-off versus Erik Haula in Ducks zone.
15:02 of 3rd period - Icing by Loui Eriksson.
15:03 of 3rd period - Ryan OReilly wins face-off versus Sean Monahan in RedWings zone.
16:37 of 3rd period - Brandon Dubinsky is hit by Jonathan Drouin and loses puck.
16:48 of 3rd period - Shot by Jonathan Drouin.
16:48 of 3rd period - Goal by Jonathan Drouin - RedWings : 3 - Ducks : 4.
16:49 of 3rd period - Wayne Simmonds wins face-off versus Andrew Cogliano in neutral zone.
17:02 of 3rd period - Shot by Claude Giroux.
17:02 of 3rd period - Deflect By Wayne Simmonds.
17:02 of 3rd period - Stopped by Mike Condon without a rebound.
17:03 of 3rd period - Mikhail Grigorenko wins face-off versus Jonathan Drouin in RedWings zone.
17:14 of 3rd period - Shot by Nick Ritchie.
17:14 of 3rd period - Stopped by Mike Condon without a rebound.
17:15 of 3rd period - Mark Scheifele wins face-off versus Sean Monahan in RedWings zone.
17:24 of 3rd period - Shot by Mark Scheifele.
17:24 of 3rd period - Shot Misses the Net.
17:50 of 3rd period - Eric Nystrom is hit by Zach Trotman and loses puck.
18:22 of 3rd period - RedWings, Mike Condon is pulled from the net.
18:38 of 3rd period - Shot by Jonathan Drouin.
18:38 of 3rd period - Shot Misses the Net.
18:40 of 3rd period - Shot by Thomas Hickey.
18:40 of 3rd period - Stopped by Semyon Varlamov with a rebound.
18:51 of 3rd period - Minor Penalty to Filip Forsberg for Tripping.
18:52 of 3rd period - Mike Condon from RedWings was sent back in the game.
18:52 of 3rd period - Erik Haula wins face-off versus Mark Scheifele in RedWings zone.
19:45 of 3rd period - Aaron Ekblad is hit by Erik Haula and loses puck.
Goals for this period are 1 for RedWings vs 1 for Ducks.
Shots for this period are 8 for RedWings vs 5 for Ducks.